[Event "Late-Titled-Tuesday-Blitz-October-17-2023"]
[Site "Chess.com"]
[Date "2023.10.17"]
[Round "9"]
[White "ckgchess"]
[Black "BogdanDeac"]
[Result "0-1"]
[WhiteElo "2869"]
[BlackElo "2986"]
[TimeControl "180+1"]
[EndTime "15:41:59 PDT"]
[Termination "BogdanDeac won on time"]

1. e4 c6 2. d4 d5 3. e5 Bf5 4. h4 h5 5. c4 e6 6. Nc3 dxc4 7. Bxc4 Be7 8. g3 Bg4 9. f3 Bf5 10. Nge2 Nd7 11. Bf4 Nb6 12. Bd3 Bxd3 13. Qxd3 Nh6 14. Bxh6 Rxh6 15. O-O-O Qc7 16. Kb1 O-O-O 17. f4 g6 18. Ne4 Nd5 19. Rc1 Rhh8 20. a3 Qb6 21. Rc4 Rd7 22. Rhc1 Rhd8 23. Ka1 Kb8 24. Qf3 Nc7 25.
R1c3 Nb5 26. Rb3 Qa6 27. Qd3 Ka8 28. Kb1 Rd5 29. a4 Nc7 30. N4c3 R5d7 31. Ne4 Nd5 32. Qc2 Nb6 33. Rcc3 Nxa4 34. Rd3 Nb6 35. Qd1 Nd5 36. N2c3 Nb4 37. Rd2 Qa5 38. Ra3 Qc7 39. Qa4 b5 40. Qd1 Qb6 41. Ne2 a5 42. Rc3 Nd5 43. Rc5 Bxc5 44.
dxc5 Qa7 45. Qc1 a4 46. Nd6 b4 47. Nd4 Rc7 48. Qc4 Rb8 49. Nc2 Qa5 50. Nd4 Ka7 51. Kc1 Qa6 52. Qc2 Rb5 53. N4xb5+ cxb5 54. Kd1 Ne3+ 0-1

[Event "Late-Titled-Tuesday-Blitz-October-17-2023"]
[Site "Chess.com"]
[Date "2023.10.17"]
[Round "9"]
[White "johnmez"]
[Black "ChessSwole"]
[Result "1-0"]
[WhiteElo "2339"]
[BlackElo "2720"]
[TimeControl "180+1"]
[EndTime "15:42:00 PDT"]
[Termination "johnmez won by resignation"]

1. d4 g6 2. c4 Bg7 3. e4 d6 4. Nc3 Nf6 5. f3 O-O 6. Bg5 h6 7. Be3 c5 8. d5 e6 9. Qd2 h5 10. Nge2 exd5 11. cxd5 a6 12. a4 Nbd7 13. Nc1 Ne5 14.
Be2 Bd7 15. O-O b5 16. axb5 axb5 17. Rxa8 Qxa8 18. Nxb5 Bxb5 19. Bxb5 Rb8 20. Be2 Qb7 21. b3 Ne8 22. h3 Nc7 23. f4 Nd7 24. Bc4 Re8 25.
e5 dxe5 26. f5 Nb5 27. d6 gxf5 28. Rxf5 Re6 29. Bxe6 fxe6 30. Rf1 Nd4 31. Bh6 Nf6 32. Qg5 Nf5 33. Bxg7 Qxg7 34. Qxg7+ Kxg7 35. Nd3 e4 36. Nxc5 Nxd6 37. Nxe6+ Kg6 38. Nf4+ Kg5 39. b4 e3 40.
Ne2 Nb5 41. Rc1 Kg6 42. Rc5 Nd6 43. Re5 Nfe4 44. b5 Kf6 45. Rxh5 Ke6 46. Rh6+ Kd7 47. h4 Nxb5 48. Rh7+ Ke6 49. h5 Kf6 50. Rb7 Nbc3 51. Nxc3 Nxc3 52. Kf1 Kg5 53. Rb3 Nd5 54. Rb5 Kxh5 55.
Rxd5+ Kg4 56. Re5 1-0

[Event "Late-Titled-Tuesday-Blitz-October-17-2023"]
[Site "Chess.com"]
[Date "2023.10.17"]
[Round "9"]
[White "Zhigalko_Sergei"]
[Black "vladislavkovalev"]
[Result "0-1"]
[WhiteElo "2941"]
[BlackElo "2884"]
[TimeControl "180+1"]
[EndTime "15:42:01 PDT"]
[Termination "vladislavkovalev won on time"]

1. e4 e5 2. Nf3 Nc6 3. Bb5 a6 4. Ba4 d6 5. O-O Bd7 6. c3 Nf6 7. Re1 g6 8. d4 Bg7 9. Bxc6 Bxc6 10. dxe5 Nxe4 11. exd6 O-O 12. dxc7 Qxc7 13. Be3 Rad8 14. Bd4 Nc5 15. Nbd2 Nd3 16. Re3 Nxb2 17. Qb3 Na4 18. Rae1 b5 19. Bxg7 Kxg7 20. Nd4 Bd5 21. Qc2 Rc8 22.
c4 Bxc4 23. Re7 Qd6 24. N2f3 Qf6 25. Qe4 Nc5 26. Qe3 Nd3 27. Rd1 Nf4 28. Qe4 Bd5 29. Qe3 Rcd8 30. Re1 Rd6 31. Nd2 Ne6 32. Nxe6+ Rxe6 33. Rxe6 Qxe6 34. Qd4+ Qf6 35. Qxd5 Rd8 36. Qc5 Rxd2 37. a3 Qd4 38. Qxd4+ Rxd4 39. g3 Rd3 40. a4 bxa4 41. Re4 Rd5 42. Rxa4 a5 43. h4 Kf6 44.
Kg2 Ke6 45. Rc4 Kd6 46. Rc8 Rc5 47. Ra8 Kc6 48. Ra7 Kb6 49. Rxf7 a4 50. Rxh7 a3 51. Rh8 a2 52. Rb8+ Ka7 53. Rf8 a1=Q 54. Rf7+ Kb6 55.
Ra7 Qxa7 0-1

[Event "Late-Titled-Tuesday-Blitz-October-17-2023"]
[Site "Chess.com"]
[Date "2023.10.17"]
[Round "9"]
[White "eljanov"]
[Black "AryanTari"]
[Result "1-0"]
[WhiteElo "2860"]
[BlackElo "2939"]
[TimeControl "180+1"]
[EndTime "15:42:02 PDT"]
[Termination "eljanov won on time"]

1. e4 e5 2. Nf3 Nc6 3. Nc3 Nf6 4. d4 exd4 5. Nxd4 Bb4 6. Nxc6 bxc6 7. Bd3 d5 8. exd5 O-O 9. O-O cxd5 10. h3 Rb8 11.
Be3 Bd6 12. Nb5 Be5 13. Bxa7 Rb7 14. Bc5 Re8 15. Rb1 Ne4 16. Bxe4 dxe4 17. Qxd8 Rxd8 18.
Rfd1 Re8 19. a4 Bf5 20. Be3 Be6 21. b3 f5 22. g3 f4 23. gxf4 Bf6 24. Kh2 Rf8 25. Nd4 Bc8 26. Ne2 Be6 27. Bd4 Be7 28.
Be5 Bc5 29. Kg2 Bc8 30. Rd5 Ba7 31. Rbd1 Rb6 32. Rd8 Rg6+ 33. Ng3 Bb7 34. Rxf8+ Kxf8 35. f5 e3+ 36. Kf1 Rc6 37. c4 exf2 38. Ne2 Rh6 39.
Bd4 Rxh3 40. Kxf2 Rf3+ 41. Ke1 Bxd4 42. Nxd4 Re3+ 43. Kd2 Rg3 44. a5 Ke7 45. Re1+ Kd6 46. Nb5+ Kc5 47. Re3 Rxe3 48. Kxe3 Kb4 49. Nxc7 Kxa5 50.
Nd5 h5 51. Kf4 Bc8 52. b4+ Ka4 53. Nb6+ Kxb4 54. Nxc8 Kxc4 55. Nd6+ Kd5 56. Ne8 h4 57. Nxg7 h3 58. Nh5 1-0

[Event "Late-Titled-Tuesday-Blitz-October-17-2023"]
[Site "Chess.com"]
[Date "2023.10.17"]
[Round "9"]
[White "Goryachkina"]
[Black "dosto07"]
[Result "0-1"]
[WhiteElo "2634"]
[BlackElo "2524"]
[TimeControl "180+1"]
[EndTime "15:42:02 PDT"]
[Termination "dosto07 won on time"]

1. e4 e5 2. Nf3 Nc6 3. Nc3 Nf6 4. d4 exd4 5. Nxd4 Bb4 6. Nxc6 bxc6 7. Bd3 d5 8. exd5 O-O 9. O-O cxd5 10. h3 c6 11. Qf3 Bd6 12. Bf4 Rb8 13. b3 a5 14.
Rad1 Re8 15. Ne2 Be6 16. Nd4 Bxf4 17. Qxf4 Bd7 18. Rfe1 Qb6 19. Bf5 Rxe1+ 20. Rxe1 Re8 21. Re5 Qb8 22. Rxe8+ Qxe8 23. Bxd7 Qxd7 24. Qb8+ Ne8 25. Qb6 g6 26. Qxc6 Qd8 27. Nf3 Nf6 28. Qb5 Kg7 29.
a3 Qc7 30. Qd3 Qc5 31. a4 Kg8 32. Qd4 Qe7 33. c3 h6 34. b4 Qd7 35. bxa5 Ne4 36.
a6 Nd6 37. a7 Qb7 38. Ne5 Nc8 39. Ng4 Nxa7 40. Nf6+ Kf8 41. Qc5+ Kg7 42. Ne8+ Kg8 43. Nd6 Qd7 44. Nb5 Nc6 45. Nd4 Ne5 46. a5 Nc4 47. a6 Qa4 48. a7 Qa1+ 49. Kh2 Nd2 0-1

[Event "Late-Titled-Tuesday-Blitz-October-17-2023"]
[Site "Chess.com"]
[Date "2023.10.17"]
[Round "9"]
[White "RichardShtivelband"]
[Black "NigelDwarf"]
[Result "1-0"]
[WhiteElo "2220"]
[BlackElo "2547"]
[TimeControl "180+1"]
[EndTime "15:42:04 PDT"]
[Termination "RichardShtivelband won on time"]

1. d4 Nf6 2. c4 a6 3. Nc3 c5 4. dxc5 e6 5. Be3 Ng4 6. Qd2 Nxe3 7. Qxe3 Qc7 8. Ne4 Nc6 9. O-O-O f5 10. Nd6+ Bxd6 11.
cxd6 Qa5 12. Kb1 O-O 13. Nf3 b5 14. c5 Bb7 15. Ne5 Qa4 16. b3 Qa3 17. Nxc6 Bxc6 18. f3 a5 19. Qc1 Qb4 20. e3 a4 21. Rd4 Qa5 22. b4 Qa7 23. a3 e5 24. Rd2 Qb7 25. Be2 Bd5 26. Bxb5 Kh8 27. Bc4 Bc6 28. Rhd1 Rac8 29.
Bd5 Qb5 30. Bxc6 Rxc6 31. Qb2 e4 32. fxe4 fxe4 33. Rd4 Re8 34. R1d2 Rcc8 35. Qc2 Re5 36. Rxe4 Rf5 37. Rc4 Rf1+ 38. Ka2 Re8 39. e4 Qc6 40. Rf2 Re1 41. Qd3 h6 42. Qd5 Qc8 43. Rf7 Qd8 44.
c6 dxc6 45. Rxc6 Re2+ 46. Kb1 Qg5 47. Rc2 Qxg2 48. Rxe2 Qxe2 49. d7 Qe1+ 50. Kc2 Qe2+ 51. Kc3 Qe3+ 52. Kc4 Qb3+ 53. Kc5 Qc3+ 54. Kd6 Rd8 55. Ke7 Qc7 56. Qd6 1-0

[Event "Late-Titled-Tuesday-Blitz-October-17-2023"]
[Site "Chess.com"]
[Date "2023.10.17"]
[Round "9"]
[White "victormago"]
[Black "Qvalda"]
[Result "1/2-1/2"]
[WhiteElo "2431"]
[BlackElo "2388"]
[TimeControl "180+1"]
[EndTime "15:42:05 PDT"]
[Termination "Game drawn - insufficient material"]

1. d4 e6 2. c4 Bb4+ 3. Nd2 c5 4.
dxc5 Nf6 5. a3 Bxc5 6. Ngf3 O-O 7. e3 d5 8. b4 Be7 9. Bb2 Nc6 10. Be2 dxc4 11.
Bxc4 a6 12. O-O b5 13. Be2 Bb7 14. Qb3 Qb6 15. Nd4 Nxd4 16. Bxd4 Qd6 17. Rfd1 Qd5 18.
Qxd5 Bxd5 19. Nf3 Rac8 20. Rdc1 Bb3 21. Ne5 Ne4 22. f3 Nd2 23. Nc6 Bd6 24. Rc3 Bc4 25.
Bxc4 Nxc4 26. Na7 Rc7 27. f4 Ra8 28. Rd1 Bf8 29. Kf2 Rcxa7 30. Bxa7 Rxa7 31. Rd8 g6 32. a4 Kg7 33. axb5 axb5 34. Rb8 Bxb4 35. Rb3 Ra2+ 36. Kg3 Be1+ 37. Kh3 Re2 38. R8xb5 Rxe3+ 39. Rxe3 Nxe3 40. g3 Nf5 41. Kg2 h5 42. Rb7 Bc3 43.
Rc7 Bf6 44. Kf3 g5 45. fxg5 Bxg5 46. h3 Kg6 47. Rc8 Nd4+ 48. Kg2 Nb5 49. Rg8+ Kf6 50. Rh8 Kg6 51. Rg8+ Kf6 52. Rh8 h4 53. gxh4 Bc1 54. h5 Kg7 55. Rb8 Nd6 56. h4 Nf5 57. Kh3 Bf4 58. Rb1 e5 59. Rg1+ Kh6 60. Kg4 Ne3+ 61.
Kf3 Kxh5 62. Rg7 Nf5 63. Rxf7 Nxh4+ 64. Ke4 Ng6 65. Rf5+ Kg4 66. Rf6 Nh4 67. Re6 Kg5 68. Rxe5+ Bxe5 69. Kxe5 1/2-1/2

[Event "Late-Titled-Tuesday-Blitz-October-17-2023"]
[Site "Chess.com"]
[Date "2023.10.17"]
[Round "9"]
[White "MikaelyanArman"]
[Black "nochewycandy"]
[Result "1-0"]
[WhiteElo "2895"]
[BlackElo "2731"]
[TimeControl "180+1"]
[EndTime "15:42:20 PDT"]
[Termination "MikaelyanArman won on time"]

1. d4 g6 2. e4 Bg7 3. Nf3 d6 4. Nc3 a6 5. Bd3 b5 6. O-O Bb7 7. a4 b4 8. Ne2 Nd7 9. Ng3 c5 10. c3 bxc3 11. bxc3 Ngf6 12. Re1 O-O 13. Bf4 Qc7 14.
Qe2 e5 15. dxe5 dxe5 16. Bd2 h6 17. a5 Kh7 18. Bc4 Bc6 19. h4 Ng4 20. Ng5+ hxg5 21. Qxg4 gxh4 22. Qxh4+ Kg8 23. Bg5 Bb5 24. Bd5 Bc6 25.
Ba2 Rfe8 26. Red1 Nf8 27. Bf6 Nh7 28. Bxg7 Kxg7 29. Rd3 Rad8 30. Rf3 Rd7 31. Rb1 Qd6 32. Rxf7+ Rxf7 33. Bxf7 Rf8 34. Bc4 Nf6 35. Qg5 Kh7 36. Re1 Bb5 37. Bxb5 axb5 38. Qc1 Ng4 39. f3 Nf6 40.
Rd1 Qc7 41. Qd2 Qxa5 42. Qd6 Rf7 43. Qe6 Kg7 44. Rd6 Qxc3 45. Kh2 Qe3 46. Rd8 Qh6+ 47. Kg1 Qc1+ 48. Kf2 Qb2+ 49. Ne2 Qa3 50. Kg1 c4 51. Qc8 Qa1+ 52. Kh2 Qe1 53. Ng3 Qe3 54. Qh3 Qh6 55. Qxh6+ Kxh6 56. Rb8 Rc7 57. Rxb5 c3 58. Rb1 c2 59.
Rc1 Kg7 60. Nf1 Nh5 61. Ne3 Nf4 62. Rxc2 Re7 63. Rc5 Kf7 64. Nd5 Nxd5 65. Rxd5 Kf6 66. Kg3 Kg5 67. Rd6 Ra7 68. Rc6 Ra5 69. Re6 Rb5 70.
Rxe5+ 1-0

[Event "Late-Titled-Tuesday-Blitz-October-17-2023"]
[Site "Chess.com"]
[Date "2023.10.17"]
[Round "9"]
[White "Kale36"]
[Black "Predator0608"]
[Result "1-0"]
[WhiteElo "2337"]
[BlackElo "2489"]
[TimeControl "180+1"]
[EndTime "15:42:20 PDT"]
[Termination "Kale36 won by checkmate"]

1. b3 b6 2. Bb2 Bb7 3. e3 e6 4. Nf3 Nf6 5. c4 c5 6. Nc3 Be7 7.
Be2 O-O 8. O-O d5 9. cxd5 Nxd5 10. d4 cxd4 11. Nxd4 Nd7 12. Nxd5 Bxd5 13. Bf3 Ne5 14.
Bxd5 Qxd5 15. Ne2 Nd3 16. Bd4 Nc5 17. Nf4 Qg5 18. Nh3 Qf5 19. Qb1 Qh5 20. Nf4 Qg5 21. Nh3 Qd5 22. Rd1 Rfd8 23. Bxc5 Qxc5 24. Qe4 Bf6 25. Rac1 Qa3 26. Qc2 Bb2 27. Rb1 Bf6 28.
Nf4 h6 29. g3 Rac8 30. Rxd8+ Rxd8 31. Kg2 Qa5 32. b4 Qb5 33. a4 Qd7 34. b5 e5 35. Ne2 Be7 36. Nc3 Qb7+ 37. Qe4 Qb8 38.
Rd1 Rc8 39. Nd5 Bc5 40. f4 Re8 41. f5 f6 42. Qc4 Kh8 43. e4 Qd6 44. Qe2 Qd7 45.
Nxf6 Qxd1 46. Qxd1 gxf6 47. Qd7 Re7 48. Qd8+ Kg7 49.
h4 Rf7 50. Kf3 Re7 51. Kg4 Rf7 52. Kh5 Kh7 53. g4 Re7 54. Qf8 Rg7 55. Qxf6 a5 56.
Qxh6+ Kg8 57. g5 Be7 58. f6 Bxf6 59. gxf6 Rf7 60. Qg6+ Kf8 61. Kg5 Rd7 62. h5 Rf7 63.
h6 Rd7 64. h7 Rxh7 65. Qxh7 Ke8 66. Qe7# 1-0

[Event "Late-Titled-Tuesday-Blitz-October-17-2023"]
[Site "Chess.com"]
[Date "2023.10.17"]
[Round "9"]
[White "KaydenTroffChess"]
[Black "azikom"]
[Result "1-0"]
[WhiteElo "2821"]
[BlackElo "2610"]
[TimeControl "180+1"]
[EndTime "15:42:28 PDT"]
[Termination "KaydenTroffChess won on time"]

1. d4 d5 2. c4 c6 3. Nf3 Nf6 4. e3 Bf5 5. Nc3 e6 6. Nh4 Be4 7. f3 Bg6 8. Nxg6 hxg6 9. Qb3 Qc7 10. Bd2 Nbd7 11. Rc1 Qb6 12. Qc2 Be7 13. Bd3 a6 14. h3 Qc7 15. Kf2 Rc8 16. cxd5 cxd5 17. Qb3 Qb8 18. Ne2 O-O 19. g4 Rxc1 20. Bxc1 Rc8 21. Bb1 Ne8 22. h4 Nd6 23. h5 gxh5 24. Qd3 Nf8 25. gxh5 Bf6 26. e4 dxe4 27. fxe4 e5 28.
d5 b5 29. Qf3 Nh7 30. b3 Qb6+ 31. Be3 Qd8 32. Rg1 Bh4+ 33. Kf1 Qf6 34. Kg2 Bg5 35. Qxf6 Bxf6 36. Kf3 Kf8 37. Rc1 Rxc1 38. Nxc1 Ng5+ 39. Bxg5 Bxg5 40. Nd3 f6 41. Nb4 a5 42. Nc6 a4 43.
bxa4 bxa4 44. Nd8 Nc4 45. Ne6+ Ke7 46. Bc2 Bh6 47. Kf2 a3 48. Ke2 Nd6 49. Kf3 Nc4 50. Bd3 Nd6 51. Kg4 Nf7 52. Kf5 Ng5 53. Bc4 Nxe6 54.
dxe6 Kd6 55. Kg6 Ke7 56. Kh7 Kf8 57. Kh8 Ke7 58. Kg8 Ke8 59. Bb5+ Ke7 60. Bd7 f5 61. exf5 e4 62. Bb5 e3 63. Be2 Ke8 64. Kh7 Kf8 65.
Kg6 Bf4 66. f6 gxf6 67. Kxf6 Bh6 68. e7+ 1-0

[Event "Late-Titled-Tuesday-Blitz-October-17-2023"]
[Site "Chess.com"]
[Date "2023.10.17"]
[Round "9"]
[White "Chempiblinka"]
[Black "wgraif"]
[Result "0-1"]
[WhiteElo "2318"]
[BlackElo "2509"]
[TimeControl "180+1"]
[EndTime "15:42:30 PDT"]
[Termination "wgraif won on time"]

1. Nf3 d5 2. c4 e6 3. g3 Nf6 4. Bg2 Be7 5. O-O O-O 6. Qc2 d4 7. d3 a5 8. b3 Nc6 9. e3 Bc5 10. exd4 Nxd4 11. Nxd4 Bxd4 12. Nc3 e5 13. Bb2 c6 14. Rad1 Bg4 15. Ne2 Bxb2 16. Qxb2 Bxe2 17. Qxe2 Qd4 18. Rfe1 Rfe8 19. Qd2 Nd7 20. Re4 Qd6 21. Rde1 Nc5 22. R4e2 Qxd3 23. Qg5 f6 24. Qh5 Qg6 25. Qh4 Rad8 26. a3 Rd4 27. f4 Nd3 28. Be4 Rxe4 29. Rxe4 Nxe1 30. Rxe1 e4 31. Qh3 f5 32.
Qh4 e3 33. Qh3 e2 34. Qg2 Qe6 35. Qf3 Qe3+ 36. Qxe3 Rxe3 37. Kf2 Rxb3 38. Rxe2 Rxa3 39. Re7 Ra2+ 40. Ke3 b5 41. c5 a4 42. Rc7 a3 43.
Rxc6 Rc2 44. Kd3 a2 45. Ra6 Rxc5 46. Rxa2 Kf7 47. Ke3 Rd5 48. Ra7+ Kf6 49. Rb7 Rc5 50. Kf3 Rc3+ 51. Kf2 Rb3 52. Rb6+ Kf7 53. Rb7+ Kg6 54. Rb6+ Kh5 55. Rb7 Rb2+ 56. Kf3 Rb3+ 57. Kg2 Kh6 58. Rb6+ g6 59. Rb7 Rb2+ 60. Kf3 b4 61. Rb6 b3 62. Rb7 Rb1 63. Kg2 b2 64. Rb8 Kh5 65. Rb7 h6 66. Rb6 g5 67. fxg5 hxg5 68. Rb5 Kg6 69. Rb6+ Kf7 70. Rb5 f4 71. gxf4 gxf4 0-1

[Event "Late-Titled-Tuesday-Blitz-October-17-2023"]
[Site "Chess.com"]
[Date "2023.10.17"]
[Round "9"]
[White "HajiyevKanan"]
[Black "Binary010"]
[Result "0-1"]
[WhiteElo "2540"]
[BlackElo "2796"]
[TimeControl "180+1"]
[EndTime "15:42:36 PDT"]
[Termination "Binary010 won on time"]

1. d4 Nf6 2. Nf3 d5 3. c4 e6 4. cxd5 exd5 5. Nc3 c6 6. Qc2 g6 7. Bg5 Be7 8. e3 Bf5 9. Bd3 Bxd3 10. Qxd3 Nbd7 11.
O-O O-O 12. Rab1 Re8 13. Qc2 a5 14. Bf4 Bf8 15. Bg5 Qb8 16. Bf4 Bd6 17. Bxd6 Qxd6 18. Rfc1 Ne4 19. Nxe4 dxe4 20. Nd2 Nf6 21. Nc4 Qe6 22. Ne5 Qxa2 23. Nc4 b5 24. Nd6 Re6 25. Nb7 a4 26. Nc5 Re7 27. b3 Qxc2 28. Rxc2 a3 29. b4 Nd5 30. Kf1 f5 31. Ke2 a2 32.
Ra1 Rea7 33. Rb2 Ra3 34. Kd2 f4 35. exf4 Nxf4 36. Nxe4 Rd3+ 37. Kc2 Rxd4 38. Nc5 Nd5 39. Nd3 Ra3 40. Rb3 Rxb3 41. Kxb3 Rxd3+ 42. Kxa2 Nxb4+ 43. Kb2 Nd5 44. Kc2 Rc3+ 45. Kd2 b4 46. Ra8+ Kg7 47.
Rb8 c5 48. Rd8 Nf6 49. Rb8 Ne4+ 50. Ke2 Rc2+ 51. Ke3 Nxf2 52. Rb7+ Kh6 53. h4 Ng4+ 54. Kf3 Nf6 55. g4 Rc3+ 56. Kf4 Rc4+ 57. Ke5 Nxg4+ 58.
Kd5 Ne3+ 59. Ke5 Rxh4 60. Rb5 Rc4 61. Kf6 Rc3 62. Rb7 b3 63. Rb5 Kh5 64. Rb7 h6 65. Rb8 g5 66. Ke5 c4 67. Kd4 Rd3+ 68. Ke4 Nd5 69.
Rd8 b2 70. Rb8 Rb3 71. Rd8 b1=Q+ 72. Kxd5 Rd3+ 73. Kxc4 Rxd8 74. Kc5 Qc1+ 75. Kb6 Rb8+ 76. Ka7 Rb2 0-1

[Event "Late-Titled-Tuesday-Blitz-October-17-2023"]
[Site "Chess.com"]
[Date "2023.10.17"]
[Round "9"]
[White "wild3000"]
[Black "GoltsevDmitry2000"]
[Result "1-0"]
[WhiteElo "2453"]
[BlackElo "2646"]
[TimeControl "180+1"]
[EndTime "15:42:40 PDT"]
[Termination "wild3000 won by checkmate"]

1. d4 Nf6 2. Nf3 b6 3. g3 e6 4. Bg2 Bb7 5. O-O g6 6. b3 Bg7 7. Bb2 O-O 8. e3 d5 9. c4 c5 10. dxc5 dxc4 11. Qxd8 Rxd8 12. cxb6 axb6 13. bxc4 Ra4 14.
Rc1 Na6 15. Bd4 Nc5 16. Nc3 Rxc4 17. Ne5 Rcxd4 18. exd4 Rxd4 19. Nb5 Rd5 20. Bxd5 Nxd5 21. f4 g5 22. Nd6 gxf4 23. Nxb7 Bxe5 24. Nxc5 Bxa1 25. Rxa1 bxc5 26. a4 Kf8 27. gxf4 Ke7 28. a5 Kd7 29. a6 Nc7 30. a7 Na8 31. Kf2 Kc6 32. Ke3 Kb7 33. Ke4 f6 34. Ra3 Nb6 35. Rh3 Kxa7 36. Rxh7+ Ka6 37. Re7 f5+ 38. Ke5 c4 39.
Rxe6 Kb5 40. Kxf5 c3 41. h4 Nc4 42. Re1 c2 43. Rc1 Kb4 44. h5 Kc3 45. h6 Nd6+ 46. Ke6 Nb5 47. Rxc2+ Kxc2 48. h7 Nd4+ 49. Ke5 Nf3+ 50.
Kf6 Kd3 51. h8=Q Ke4 52. Qh7+ Kxf4 53. Qf5+ Ke3 54. Qa5 Ke4 55. Ke6 Nd4+ 56. Kf7 Nf3 57. Qb4+ Kf5 58. Qc3 Ke4 59. Qc4+ Ke3 60. Kf6 Nd2 61. Qa2 Kd3 62. Ke5 Nc4+ 63. Kf4 Ne3 64. Qa3+ Kd2 65. Qxe3+ Kd1 66. Qg3 Kc2 67. Qg4 Kd2 68. Qf5 Kc3 69. Qe4 Kd2 70. Kf3 Kc1 71. Qe3+ Kc2 72. Ke2 Kb2 73. Qd3 Kc1 74. Qd2+ Kb1 75. Kd3 Ka1 76. Kc3 Kb1 77. Qb2# 1-0

[Event "Late-Titled-Tuesday-Blitz-October-17-2023"]
[Site "Chess.com"]
[Date "2023.10.17"]
[Round "9"]
[White "gahryman"]
[Black "AradNazari"]
[Result "0-1"]
[WhiteElo "2684"]
[BlackElo "2917"]
[TimeControl "180+1"]
[EndTime "15:42:47 PDT"]
[Termination "AradNazari won on time"]

1. e4 c5 2. Nc3 d6 3. Bc4 g6 4. d3 Bg7 5. a3 e6 6. Nge2 Ne7 7. Ba2 O-O 8. h4 h6 9. h5 g5 10. f4 f6 11. f5 d5 12. O-O d4 13. Nb1 Kh8 14.
fxe6 Qd6 15. Nd2 Bxe6 16. Bxe6 Qxe6 17. Ng3 Nbc6 18. a4 f5 19. Nxf5 Nxf5 20. exf5 Rxf5 21. Rxf5 Qxf5 22. Qf3 Qe6 23. Qe4 Qf7 24. Qg6 Qxg6 25. hxg6 Nb4 26. Ne4 Nxc2 27. Rb1 b6 28. Bd2 Re8 29.
Rc1 Ne3 30. b4 cxb4 31. Bxb4 Nd5 32. Nd6 Ra8 33. Nf7+ Kg8 34. Bd6 Nc3 35. Re1 Bf6 36.
Nxh6+ Kg7 37. Ng4 Kxg6 38. Re6 Kf5 39. Rxf6+ Kxg4 40. Be5 Re8 41. Bc7 Nxa4 42. Kf2 Nc5 43. Rf3 Ne6 44. Be5 Nf4 45. Rg3+ Kf5 46. Bxd4 Re2+ 47. Kf1 Rd2 48. Be3 Rd1+ 49. Kf2 Rb1 50. Bxf4 Kxf4 51. Rf3+ Ke5 52. Rf7 a5 53. Ke3 a4 54. Rb7 b5 55. Ra7 Rb3 56. Kd2 a3 57. Kc2 Rb2+ 58. Kc3 b4+ 59. Kc4 Kf4 60. d4 Kg3 61. d5 a2 62. d6 Rd2 63. d7 g4 64.
Rxa2 Rxd7 65. Kxb4 Rf7 66. Kc4 Rf2 67. Ra7 Kxg2 68. Kd3 g3 69. Ke3 Kg1 70. Ra1+ Rf1 71. Ra8 g2 72. Rh8 Rf7 73. Ke2 Re7+ 74. Kf3 Kf1 0-1

[Event "Late-Titled-Tuesday-Blitz-October-17-2023"]
[Site "Chess.com"]
[Date "2023.10.17"]
[Round "9"]
[White "VincentKeymer"]
[Black "Msb2"]
[Result "1/2-1/2"]
[WhiteElo "3094"]
[BlackElo "3074"]
[TimeControl "180+1"]
[EndTime "15:42:52 PDT"]
[Termination "Game drawn by repetition"]

1. c4 e6 2. Nc3 d5 3. d4 Bb4 4.
cxd5 exd5 5. Bf4 c5 6. a3 Bxc3+ 7. bxc3 Nf6 8. e3 O-O 9. Bd3 cxd4 10. cxd4 Ne4 11.
f3 Qa5+ 12. Kf1 Nd2+ 13. Kf2 Nc4 14. Qc2 h6 15. Bxc4 dxc4 16. Qxc4 Nc6 17. Ne2 Be6 18. Qc3 Qa6 19. Rhd1 Rac8 20. Qe1 Bb3 21. Rdc1 Rfe8 22.
Qd2 Bc4 23. Rc2 Bxe2 24. d5 Bd3 25. Rc3 Bg6 26. dxc6 Rxc6 27. Rxc6 Qxc6 28. Rc1 Qa4 29. Qb4 Qa6 30. e4 b6 31. h4 Rc8 32. Rxc8+ Qxc8 33. Qe7 a6 34. Kg3 Qf8 35. Qe5 f6 36. Qe6+ Bf7 37. Qxb6 Qxa3 38. Bd6 Qa4 39. e5 fxe5 40. Bxe5 Qb5 41. Qd4 g6 42. Qf4 Qe8 43. Qf6 Kf8 44. Bf4 Qe6 45. Bxh6+ Ke8 46. Qd4 Qd5 47. Qe3+ Kd7 48. Qa7+ Kc6 49. Qxa6+ Kc7 50. Bf4+ Kd7 51. Qa7+ Ke8 52. Bg5 Qd6+ 53. Bf4 Qd7 54. Qc5 Qe7 55. Qb5+ Qd7 56. Qb2 Qe6 57. Kh2 Kd7 58. Qd4+ Qd5 59.
Qe3 Qe6 60. Qf2 Qd5 61. g4 Be6 62. Kg3 Ke8 63. Qa7 Bd7 64. Qb8+ Kf7 65. Bd6 Ke6 66. Bb4 Bc6 67. Qg8+ Kd7 68. Qg7+ Kc8 69. Qf8+ Kb7 70.
Bd6 Ka6 71. Bc5 Kb5 72. Bf2 Qe5+ 73. Qf4 Qd5 74. Qf6 Ka6 75. Qc3 Kb7 76. Qe3 Kc8 77.
Kg2 Qd7 78. Bg3 Qxg4 79. Kf2 Qd7 80. Qe5 Qd2+ 81. Kg1 Qd1+ 82. Kh2 Qc2+ 83. Kg1 Qd1+ 84. Kh2 Qc2+ 85. Kg1 Qd1+ 1/2-1/2

[Event "Late-Titled-Tuesday-Blitz-October-17-2023"]
[Site "Chess.com"]
[Date "2023.10.17"]
[Round "9"]
[White "gmcorrales"]
[Black "Sanan_Sjugirov"]
[Result "1/2-1/2"]
[WhiteElo "2852"]
[BlackElo "2945"]
[TimeControl "180+1"]
[EndTime "15:43:21 PDT"]
[Termination "Game drawn by 50-move rule"]

1. e4 c5 2. Nf3 Nc6 3. d4 cxd4 4.
Nxd4 Nf6 5. Nc3 e5 6. Ndb5 d6 7. Bg5 a6 8. Bxf6 gxf6 9. Na3 f5 10. g3 fxe4 11. Bg2 d5 12. Qxd5 Bxa3 13. bxa3 f5 14. O-O-O Qe7 15. Qd6 Be6 16. g4 Qxd6 17. Rxd6 Ke7 18. Rhd1 Nd4 19. Rb6 Rac8 20. gxf5 Rxc3 21. fxe6 Rxc2+ 22. Kb1 Rxf2 23. Bxe4 Rxh2 24. Rxb7+ Kxe6 25. Rb6+ Ke7 26. Rg1 Rd8 27. a4 Rd6 28. a5 Rxb6+ 29.
axb6 Rh6 30. Rg7+ Kf8 31. Rb7 Nb5 32. Rb8+ Ke7 33. b7 Rb6 34. Kc2 Nd6 35. Rh8 Nxe4 36.
b8=Q Rxb8 37. Rxb8 h5 38. Rb6 Nd6 39. Rxa6 h4 40.
Ra7+ Kf6 41. Rh7 Kg5 42. a4 Nc4 43. Kd3 Nb2+ 44. Ke4 Nxa4 45. Kxe5 Nc3 46. Rg7+ Kh5 47. Kf5 Kh6 48. Rg6+ Kh7 49. Rd6 h3 50. Rd3 h2 51.
Rh3+ Kg7 52. Rxh2 Nd5 53. Re2 Kf7 54. Re6 Ne7+ 55. Ke5 Ng6+ 56. Kd6 Nf4 57. Re4 Ng6 58. Re1 Kf6 59. Rf1+ Kg5 60. Kd5 Nf4+ 61. Ke4 Ng6 62. Rf5+ Kg4 63. Rb5 Nh4 64. Rb8 Kg5 65. Rg8+ Ng6 66.
Rg7 Kf6 67. Ra7 Kg5 68. Ra5+ Kf6 69. Rf5+ Ke6 70. Rf1 Ne7 71. Ra1 Nc6 72. Rd1 Ne7 73. Kd4 Nc6+ 74. Kc5 Ne5 75. Re1 Kf5 76. Kd5 Ng6 77. Re8 Nf4+ 78. Kd6 Ng6 79. Ra8 Nf4 80. Rf8+ Ke4 81. Rf6 Nd3 82. Re6+ Kd4 83. Rh6 Nf4 84. Rh4 Ke4 85. Rg4 Kf5 86. Rg1 Ke4 87. Re1+ Kd4 88.
Rd1+ Nd3 89. Ke6 Ke4 90. Kf6 Nf4 91. Re1+ Kd4 92. Kf5 Nd3 93. Re4+ Kd5 94. Rh4 Nc5 95. Kf4 Ne6+ 96. Ke3 Nc5 97. Rh5+ Kc4 98. Rh4+ Kd5 99. Rg4 Ne6 100. Kd3 Ke5 101. Kc4 Nf4 102. Rg2 1/2-1/2

[Event "Late-Titled-Tuesday-Blitz-October-17-2023"]
[Site "Chess.com"]
[Date "2023.10.17"]
[Round "9"]
[White "MKlose11"]
[Black "alexrustemov"]
[Result "1/2-1/2"]
[WhiteElo "2655"]
[BlackElo "2818"]
[TimeControl "180+1"]
[EndTime "15:43:46 PDT"]
[Termination "Game drawn by stalemate"]

1. e4 e6 2. d4 d5 3. Nc3 dxe4 4. Nxe4 Bd7 5. Nf3 Bc6 6. Bd3 Nd7 7. O-O Ngf6 8.
Nxf6+ Nxf6 9. Ne5 Qxd4 10. Nxc6 bxc6 11. Qf3 Qd5 12. Qe2 Bd6 13. Rd1 Qe5 14. g3 Qxe2 15.
Bxe2 Rb8 16. b3 Be5 17. Rb1 Nd5 18. Bd2 Bc3 19. Bf3 Bxd2 20. Rxd2 Rb6 21. c4 Nf6 22. a4 c5 23. a5 Rb8 24. Bc6+ Ke7 25. Rd3 Rhd8 26.
Rbd1 Rd6 27. Ba4 Rbd8 28. Rxd6 cxd6 29. Kf1 Rb8 30. Ke2 d5 31. cxd5 exd5 32. Kd3 Kd6 33. f3 Rb4 34. Re1 Rd4+ 35. Kc3 h5 36. Be8 Nxe8 37.
Rxe8 Rb4 38. Rd8+ Ke6 39. Rc8 Rb5 40. a6 Rb6 41. Rxc5 Rxa6 42. Rc7 Ra2 43. Kd4 Rd2+ 44. Ke3 Rxh2 45. Rxa7 Rb2 46. Ra6+ Ke5 47. Rb6 g5 48. Rb5 Rg2 49. f4+ Kd6 50. Kf3 Rb2 51. fxg5 Kc6 52.
Rb8 Kd6 53. Kf4 Ke6 54. Rb6+ Ke7 55. Ke5 Rg2 56. Kf4 Rf2+ 57. Ke3 Rg2 58. Kf3 Rg1 59. Rb5 Ke6 60. Rb6+ Ke5 61. Kf2 Rb1 62. Rf6 Rxb3 63.
Rxf7 Rb4 64. g6 Rg4 65. g7 Ke6 66. Ra7 Kf6 67. Rd7 d4 68. Kf3 Ke6 69. Ra7 Ke5 70.
Rd7 Kf6 71. Rxd4 Rxg7 72. Rd5 Rh7 73. Kg2 Kg6 74. Kh3 Rf7 75. Kh4 Rf6 76. Rg5+ Kf7 77. Rxh5 Rf1 78. Rb5 Kg6 79. Rb6+ Kg7 80. g4 Ra1 81.
Kh5 Ra5+ 82. g5 Ra7 83. Rh6 Kg8 84. Rc6 Kg7 85. Rd6 Kh7 86. Rh6+ Kg7 87. Rg6+ Kh7 88. Rb6 Kg7 89. Kg4 Kh7 90. Rf6 Kg7 91. Rf4 Kh7 92.
Kh5 Kg7 93. Rf3 Kh7 94. Rf4 Kg7 95. Rf6 Kh7 96. Rd6 Kg7 97. Kg4 Ra4+ 98. Kf5 Ra7 99. Re6 Ra5+ 100. Re5 Rxe5+ 101. Kxe5 Kg6 102. Kf4 Kg7 103. Kf5 Kf7 104. g6+ Kg7 105. Kg5 Kg8 106. Kg4 Kg7 107. Kf5 Kg8 108. Kg5 Kg7 109. Kf5 Kg8 110. Kf6 Kf8 111. g7+ Kg8 112. Kg6 1/2-1/2

[Event "Late-Titled-Tuesday-Blitz-October-17-2023"]
[Site "Chess.com"]
[Date "2023.10.17"]
[Round "10"]
[White "Mariia89"]
[Black "giomar27"]
[Result "0-1"]
[WhiteElo "2133"]
[BlackElo "2362"]
[TimeControl "180+1"]
[EndTime "15:46:13 PDT"]
[Termination "giomar27 won by resignation"]

1. d4 Nf6 2. Nf3 c5 3. d5 b5 4. c4 g6 5. g3 bxc4 6. Nc3 Bg7 7. e4 d6 8. Nd2 O-O 9. Nxc4 Ba6 10. Bg5 h6 11. Be3 Nbd7 12. Qd2 Ng4 13. Bg2 Bxc4 0-1